 Dungeon Crawl Stone Soup version 0.15.1-1-gfacfea3 (webtiles) character file.

86 DrPain the Ruffian (level 4, -1/41 HPs)
             Began as a Troll Hunter on Sept 26, 2014.
             Slain by bwiles81's ghost (7 damage)
             ... on Level 3 of the Dungeon.
             The game lasted 00:06:31 (2523 turns).

DrPain the Ruffian (Troll Hunter)                   Turns: 2523, Time: 00:06:32

HP  -1/41        AC  5     Str 20      XL: 4   Next: 27%
MP   2/2         EV 10     Int  7      God:
Gold 88          SH  0     Dex 11      Spells:  0 memorised,  3 levels left

rFire  . . .     SeeInvis .       - Unarmed
rCold  . . .     Clarity  .     d - +0 animal skin
rNeg   . . .     rCorr    .     (shield restricted)
rPois  .         rRot     .     (helmet restricted)
rElec  .         Spirit   .     (no cloak)
SustAb .         Warding  .     (gloves unavailable)
rMut   .         Stasis   .     (boots unavailable)
Gourm  +                        (no amulet)
MR     .....                    (no ring)
                                (no ring)

@: not resistant to hostile enchantments, very unstealthy
A: unfitting armour, claws 3, fast metabolism 3, gourmand, regeneration 2,
saprovore 2, shaggy fur 1, tough skin 2
a: no special abilities


You were on level 3 of the Dungeon.
You were full.

You visited 1 branch of the dungeon, and saw 3 of its levels.

You collected 88 gold pieces.

Inventory:

Missiles
 b - 5 large rocks (quivered)
 c - 4 throwing nets
 i - 2 javelins
Armour
 d - a +0 animal skin (worn)
Comestibles
 a - 2 meat rations
 j - a slice of pizza
 k - a bread ration
Scrolls
 e - a scroll of enchant weapon {unknown}
 g - 5 scrolls of identify {unknown}
 h - a scroll of enchant armour {unknown}
 l - a scroll of teleportation {unknown}
 m - a scroll of recharging {unknown}
 n - a scroll of fog {unknown}
Potions
 f - a potion of curing


   Skills:
 - Level 1.5 Fighting
 - Level 3.6 Throwing
 - Level 1.5 Dodging
 - Level 0.4 Stealth
 + Level 4.2 Unarmed Combat


You had 3 spell levels left.
You didn't know any spells.

Dungeon Overview and Level Annotations

Branches:
Dungeon (3/15)

Altars:
The Shining One

Annotations:
D:3 bwiles81's ghost, average MfIE


Innate Abilities, Weirdness & Mutations

You are too large for most types of armour.
You have claws for hands.
Your metabolism is lightning-fast.
You like to eat raw meat.
You heal very quickly.
You can eat rotten meat.
You are covered in fur (AC +1).
You have very tough skin (AC +2).


Message History

You are frozen.
The hobgoblin closely misses you.
You closely miss bwiles81's ghost.
Bwiles81's ghost is severely damaged.
The rat bites you.
Bwiles81's ghost gestures at you while chanting.
You are frozen.
* * * LOW HITPOINT WARNING * * *
You closely miss bwiles81's ghost.
Bwiles81's ghost is severely damaged.
The hobgoblin hits you but does no damage.
The rat barely misses you. Bwiles81's ghost hits you.
* * * LOW HITPOINT WARNING * * *
You barely miss bwiles81's ghost.
Bwiles81's ghost is severely damaged.
The hobgoblin hits you.
* * * LOW HITPOINT WARNING * * *
The rat barely misses you.
Bwiles81's ghost points at you and mumbles some strange words.
You are frozen.
You die...

.....................#
......>..............#
.....................#####.#
.....................'.....#
.....................#####...
.....................#
##....#######....##### #....#
###W.# #....# #g@# #....#
#.r# #....' ...>. . ..#
##..... ......' ##.....##
#...... ###.#### #.#


You could see bwiles81's ghost, a hobgoblin and a rat.

Vanquished Creatures
  2 adders
  3 worms (D:3)
  2 giant geckos
  An ooze (D:2)
  An orc (D:3)
  7 bats
  4 giant cockroaches
  6 hobgoblins
  8 kobolds
  3 giant newts
  4 goblins
  6 rats
47 creatures vanquished.

Notes
Turn   | Place    | Note
--------------------------------------------------------------
     0 | D:1      | DrPain, the Troll Hunter, began the quest for the Orb.
     0 | D:1      | Reached XP level 1. HP: 19/19 MP: 1/1
   382 | D:1      | Reached XP level 2. HP: 25/27 MP: 1/1
  1795 | D:2      | Found a glowing golden altar of the Shining One.
  1811 | D:2      | Reached XP level 3. HP: 28/33 MP: 2/2
  2255 | D:3      | Reached XP level 4. HP: 38/41 MP: 2/2
  2277 | D:3      | Reached skill level 4 in Unarmed Combat
  2510 | D:3      | Noticed bwiles81's ghost (average MfIE)
  2523 | D:3      | Slain by bwiles81's ghost

Action                   |  1- 3 |  4- 6 || total
-------------------------+-------+-------++-------
Melee: Unarmed           |    99 |    35 ||   134
  Use: Potion            |     5 |       ||     5
  Eat: Chunk             |    16 |     5 ||    21
       Meat ration       |     1 |       ||     1
